 Dungeon Crawl Stone Soup version 0.29.0-4-gdea44cf6ec (webtiles) character file.

Game seed: 3768752830081829039

18 qw the Chopper (level 2, 0/15 HPs)
             Began as a Tengu Warper on Aug 28, 2022.
             Slain by a gnoll
             ... wielding a +0 spear
              (4 damage)
             ... on level 2 of the Dungeon.
             The game lasted 00:00:05 (1086 turns).

qw the Chopper (Tengu Warper)                       Turns: 1086, Time: 00:00:06

Health: 0/15       AC:  5    Str: 11    XL:     2   Next: 70%
Magic:  6/6        EV: 11    Int: 13    God:
Gold:   69         SH:  0    Dex: 13    Spells: 5/5 levels left

rFire   . . .      SeeInvis .   Y - +0 hand axe
rCold   . . .      Faith    .   (no shield)
rNeg    . . .      Spirit   .   b - +0 leather armour
rPois   .          Reflect  .   (helmet restricted)
rElec   .          Harm     .   (no cloak)
rCorr   .          Rampage  .   (no gloves)
Will    .....                   (boots unavailable)
Stlth   +.........              (no amulet)
HPRegen 0.05/turn               (no ring)
MPRegen 0.10/turn               (no ring)

@: no status effects
A: beak, talons 3, iridescent scales 1, frail 1, passive freeze, subdued magic 2
a: no special abilities


You were on level 2 of the Dungeon.
You visited 1 branch of the dungeon, and saw 2 of its levels.

You collected 69 gold pieces.


Innate Abilities, Weirdness & Mutations

You have a beak for a mouth.
You have claws for feet.
You are partially covered in iridescent scales. (AC +2)
You are frail. (-10% HP)
A frigid envelope surrounds you and freezes all who hurt you.
Your spells are easier to cast, but less powerful.


   Skills:
 - Level 2.0 Fighting
 + Level 3.5 Axes
 - Level 1.0 Throwing
 - Level 1.1 Armour
 - Level 2.1 Dodging
 - Level 2.0 Spellcasting
 - Level 2.4 Translocations


You had 5 spell levels left.
You didn't know any spells.
Your spell library contained the following spells:

 Spells                   Type           Power      Damage    Failure   Level
 Blink                    Tloc           8%         N/A       13%         2
 Gell's Gravitas          Tloc           4%         N/A       28%         3
 Lesser Beckoning         Tloc           4%         N/A       28%         3
 Teleport Other           Tloc           4%         N/A       28%         3
 Manifold Assault         Tloc           4%         N/A       96%         5

Inventory:

Hand Weapons
 i - a +0 club
 Y - a +0 hand axe (weapon)
Armour
 b - a +0 leather armour (worn)
Scrolls
 a - a scroll of amnesia {unknown}
 d - a scroll of fog {unknown}
Potions
 c - a potion of curing {unknown}
 e - a potion of might {unknown}
 f - a potion of magic {unknown}
 g - a potion of lignification {unknown}
 h - a potion of heal wounds {unknown}
 j - a potion of degeneration {unknown}

Dungeon Overview and Level Annotations

Branches:
Dungeon (2/15)

Altars:

Shops:
D:1 (


Message History

You see here 3 poisoned darts.
You now have 69 gold pieces (gained 7).
Found a hand axe.
A ball python comes into view.
You hit the ball python.
You kill the ball python!
h - a fuming purple potion You see here a +0 hand axe.
j - a fizzy ruby potion A hobgoblin comes into view.
The hobgoblin shouts!
You hit the hobgoblin.
You kill the hobgoblin! 2 gnolls come into view.
Found a helmet.
The gnoll shouts!
You hear a shout!
A gnoll comes into view. It is wielding a +0 whip.
You see here a viscous white potion.
Enter note:
1081 ||| Stepping ~*~*~tactically~*~*~ (hiding).
You completely miss the gnoll. You claw the gnoll.
The gnoll is moderately wounded.
The gnoll closely misses you.
You barely miss the gnoll. You peck the gnoll.
The gnoll is heavily wounded.
The gnoll barely misses you. x2; The gnoll hits you but does no damage.
The gnoll is very cold.
The gnoll is severely wounded.
The gnoll hits you from afar with a +0 spear!
Ouch! That really hurt!
You barely miss the gnoll. You punch the gnoll, but do no damage.
The gnoll is severely wounded.
The gnoll hits you with a +0 club.
The gnoll is very cold.
The gnoll is almost dead.
The gnoll closely misses you.
You hit the gnoll but do no damage. Your kick misses the gnoll.
The gnoll is almost dead.
The gnoll hits you but does no damage.
The gnoll hits you from afar with a +0 spear.
You die...

#.# #.# #.# #.##.#
#.# #.# #.##.# #.#
#.# #.##.# #.# #.#
#.##.# #.# #. #.##.#
#.#####
#.###.##.######......
#....................
#.gg@......##########
#.g#####.#.# #..
#.#.# #.. #.#.# #.g
#.... #.[ #.... #..
##...# #.g ##.##


You could see 3 gnolls.

Vanquished Creatures
  A dart slug (D:2)
  A goblin (D:1)
  4 hobgoblins
  3 kobolds (D:1)
  3 ball pythons
  3 bats
  A rat (D:1)
16 creatures vanquished.

Notes
Turn   | Place    | Note
-------+----------+-------------------------------------------
     0 | D:1      | qw the Tengu Warper began the quest for the Orb.
     0 | D:1      | Reached XP level 1. HP: 12/12 MP: 4/4
     0 | D:1      | 0 ||| qw: Version: 0.1-a-89-g26bdef1
     0 | D:1      | 0 ||| qw: Game counter: 1637
     0 | D:1      | 0 ||| qw: Always use a shield: true
     0 | D:1      | 0 ||| qw: God list: Okawaru
     0 | D:1      | 0 ||| qw: Allow faded altars: false
     0 | D:1      | 0 ||| qw: Do Orc after D:15 true
     0 | D:1      | 0 ||| qw: Do second Lair branch before Depths: true
     0 | D:1      | 0 ||| qw: Lair rune preference: random
     0 | D:1      | 0 ||| qw: Plans: Normal
     0 | D:1      | 0 ||| PLANNING D:1-11
   291 | D:1      | Found a faded altar of an unknown god.
   363 | D:1      | 363 ||| Stepping ~*~*~tactically~*~*~ (stealth).
   372 | D:1      | Reached XP level 2. HP: 14/17 MP: 6/6
   373 | D:1      | Reached skill level 3 in Axes
   512 | D:1      | Found Pynteykh's Weapon Boutique.
   520 | D:1      | 520 ||| SHOPLISTING +0 mace (42 gold, have 16).
   520 | D:1      | 520 ||| SHOPLISTING +0 mace of holy wrath (103 gold, have
                  | 16).
   520 | D:1      | 520 ||| SHOPLISTING +0 morningstar (56 gold, have 16).
   704 | D:1      | 704 ||| READING scroll labelled IHUQUO UWUERYJAE.
   705 | D:1      | 705 ||| DRINKING 2 fizzy coppery potions.
   705 | D:1      | Gained mutation: Your system is resistant to poisons.
                  | (rPois) [potion of mutation]
   705 | D:1      | Gained mutation: Your spells are a little easier to cast,
                  | but a little less powerful. [potion of mutation]
   705 | D:1      | Gained mutation: You are frail. (-10% HP) [potion of
                  | mutation]
   705 | D:1      | Gained mutation: You are partially covered in iridescent
                  | scales. (AC +2) [potion of mutation]
   706 | D:1      | 706 ||| DRINKING potion of mutation.
   706 | D:1      | Lost mutation: You are partially covered in iridescent
                  | scales. (AC +2) [potion of mutation]
   706 | D:1      | Lost mutation: Your system is resistant to poisons. (rPois)
                  | [potion of mutation]
   706 | D:1      | Gained mutation: Your spells are easier to cast, but less
                  | powerful. [potion of mutation]
   706 | D:1      | Gained mutation: A frigid envelope surrounds you and
                  | freezes all who hurt you. [potion of mutation]
   706 | D:1      | Gained mutation: You are partially covered in iridescent
                  | scales. (AC +2) [potion of mutation]
   707 | D:1      | 707 ||| DRINKING 2 metallic silvery potions.
   708 | D:1      | 708 ||| DROPPING scroll of blinking.
   709 | D:1      | 709 ||| DROPPING potion of brilliance.
   735 | D:2      | 735 ||| STAIRDANCE
  1081 | D:2      | 1081 ||| Stepping ~*~*~tactically~*~*~ (hiding).
  1086 | D:2      | Slain by a gnoll

Levels and vault maps discovered:
D:1:      tarquinn_simple_flora_water_e, layout_rooms,
          dreamdust_ecumenical_altar_angels_and_demons, serial_aquarium,
          aquarium_bridge_island_small [aquarium_subvault_small_open,
          aquarium_subvault_bridge, aquarium_subvault_wall,
          aquarium_subvault_bridge, aquarium_subvault_bridge],
          aquarium_bridge_long_separate [aquarium_subvault_balcony,
          aquarium_subvault_bridge, aquarium_subvault_wall,
          aquarium_subvault_bridge, aquarium_subvault_bridge,
          aquarium_subvault_balcony], aquarium_window_1, aquarium_window_3,
          aquarium_view_2a, aquarium_view_2d, aquarium_balcony_double_3,
          serial_shops, nicolae_shop_bloodbath_and_beyond
D:2:      layout_loops_ring, uniq_crazy_yiuf_cottage, uniq_jessica, uniq_terence

Skill      XL: |  1  2 |
---------------+-------+-----
Axes           | 3 |  3.5
Fighting       | |  2.0
Throwing       | |  1.0
Armour         | |  1.1
Dodging        | |  2.1
Spellcasting   | |  2.0
Translocations | |  2.4

Action                   || total
-------------------------++-------
Melee: Hand axe          ||    30
       Kick              ||     6
       Peck              ||     2
       Punch             ||     1
Throw: Boomerang         ||     7
  Use: Potion            ||     3
       Scroll            ||     1
Armor: Leather armour    ||    10
Dodge: Dodged            ||    18

Table legend:
 A = Non-vault XP
 B = Vault XP
 C = Vault XP percentage of total XP
 D = Non-vault monster count
 E = Vault monster count
 F = Vault count percentage of total count
                 A         B        C        D         E       F
            +---------+---------+-------+---------+---------+-------
      Total |      26 |       1 |   3.7 |      15 |       1 |   6.2
            +---------+---------+-------+---------+---------+-------
        D:1 |      14 |       1 |   6.7 |       9 |       1 |  10.0
        D:2 |      12 |       0 |   0.0 |       6 |       0 |   0.0
            +---------+---------+-------+---------+---------+-------
